 Dungeon Crawl Stone Soup version 0.17-a0-1248-g117de50 (webtiles) character file.

5 ololoev the Stinger (level 1, 0/13 HPs)
             Began as a Mummy Venom Mage on June 5, 2015.
             Slain by a kobold
             ... wielding a +0 short sword
              (3 damage)
             ... on level 1 of the Dungeon.
             The game lasted 00:01:03 (372 turns).

ololoev the Stinger (Mummy Venom Mage)               Turns: 372, Time: 00:01:04

Health: 0/13       AC:  2    Str: 11    XL:     1   Next: 66%
Magic:  0/3        EV: 12    Int: 14    God:
Gold:   0          SH:  0    Dex: 12    Spells: 1 memorised, 3 levels left

rFire  x . .     SeeInvis .     e - +0 spear
rCold  + . .     Clarity  .     a - +0 robe
rNeg   + + +     SustAt   .     (no shield)
rPois  ∞         Gourm    .     (no helmet)
rElec  .         Spirit   .     (no cloak)
rCorr  .         Warding  .     (no gloves)
rMut   .         Stasis   .     (no boots)
MR     .....                    (no amulet)
Stlth  ++........               (no ring)
                                (no ring)

@: not resistant to hostile enchantments, unstealthy
A: no food or potions, fire vulnerability, cold resistance 1, negative energy
resistance 3, torment resistance, unbreathing
a: no special abilities


Innate Abilities, Weirdness & Mutations

You do not eat or drink.
Your flesh is vulnerable to fire.
You are immune to poison.
Your flesh is cold resistant.
You are immune to negative energy.
You are immune to unholy pain and torment.
You can survive without breathing.

Inventory:

Hand weapons
 e - a +0 spear (weapon)
Armour
 a - a +0 robe (worn)
Scrolls
 c - 2 scrolls of amnesia {unknown}
 d - a scroll of fear {unknown}
Books
 b - a Young Poisoner's Handbook

   Spells                             Type                      Level
   a - Sting                          Conjuration/Poison           1
   b - Cure Poison                    Poison                       2
   c - Mephitic Cloud                 Conjuration/Poison/Air       3
   d - Olgreb's Toxic Radiance        Poison                       4
   e - Venom Bolt                     Conjuration/Poison           5


   Skills:
 - Level 1.5 Dodging
 - Level 1.5 Stealth
 + Level 2.1 Spellcasting
 * Level 0.7 Conjurations
 + Level 3.2 Poison Magic


You had 3 spell levels left.
You knew the following spells:

 Your Spells              Type           Power        Failure   Level  Hunger
a - Sting                 Conj/Pois      #...         12%         1    N/A


You were on level 1 of the Dungeon.
You were not hungry.

You visited 1 branch of the dungeon, and saw 1 of its levels.

#...###..## ####...# #
#......# #.###..# #
#..## #...# #.#.# #.#K#
(.#@# ####.# #
..####.### .#
#.........########.##
....................
....##..#..######.# ##
##......#..####...# .##
#..##..........#####...
#. #......###...#...#

Notes
Turn   | Place    | Note
--------------------------------------------------------------
     0 | D:1      | ololoev the Mummy Venom Mage began the quest for the Orb.
     0 | D:1      | Reached XP level 1. HP: 13/13 MP: 3/3
   372 | D:1      | Slain by a kobold

Dungeon Overview and Level Annotations

Branches:
Dungeon (1/15)

Altars:


Message History

You barely miss the kobold. The kobold misses you.
A goblin comes into view. It is wielding a dagger.
The goblin shouts!
You hit the kobold.
You kill the kobold!
You see here a kobold corpse.
Attack whom?
Press: ? - help, Dir - move target cursor, f - kobold
Aim: a kobold, wielding a short sword You reach to attack!
You closely miss the kobold. The kobold completely misses you.
You closely miss the kobold. The kobold hits you with a short sword.
You barely miss the kobold. The kobold hits you with a short sword.
A goblin comes into view.
Unknown command.
Unknown command.
Unknown command.
Casting: Sting
Confirm with . or Enter, or press ? or * to list all spells.
Aiming: Sting
Press: ? - help, Shift-Dir - straight line, f/p - kobold
Aim: a kobold, wielding a short sword The sting hits the goblin.
The goblin is poisoned.
The goblin is severely wounded.
You kill the goblin!
Casting: Sting
Confirm with . or Enter, or press ? or * to list all spells.
Aiming: Sting
Press: ? - help, Shift-Dir - straight line, f/p - kobold
Aim: a kobold, wielding a short sword The sting hits the kobold.
The kobold appears unharmed.
Casting: Sting
Confirm with . or Enter, or press ? or * to list all spells.
Aiming: Sting
Press: ? - help, Shift-Dir - straight line, f/p - kobold
Aim: a kobold, wielding a short sword The sting hits the kobold.
The kobold is poisoned.
The kobold is moderately wounded.
The kobold hits you with a short sword.
You die...

You could see a kobold.

Vanquished Creatures
  A goblin (D:1)
  3 kobolds (D:1)
  2 rats (D:1)
6 creatures vanquished.

Action                   || total
-------------------------++-------
Melee: Spear             ||    14
 Cast: Sting             ||     4

Vault maps used:
D:1:      kilobyte_arrival_exit_the_forest
